 Dungeon Crawl Stone Soup version 0.22-a0-443-g17c3723931 (webtiles) character file.

16926 Kriby the Protected (level 12, -1/97 HPs)
             Began as a Formicid Fighter on May 31, 2018.
             Was an Elder of Makhleb.
             Slain by Rupert
             ... wielding a +2 great sword of electrocution
              (12 damage)
             ... on level 3 of the Lair of Beasts.
             The game lasted 00:33:00 (15221 turns).

Kriby the Protected (Formicid Fighter)             Turns: 15221, Time: 00:33:01

Health: -1/97      AC: 19    Str: 25    XL:     12   Next: 76%
Magic:  14/14      EV:  9    Int:  9    God:    Makhleb [****..]
Gold:   636        SH: 17    Dex: 10    Spells: 11/11 levels left

rFire    . . .     SeeInvis +   a - +1 war axe (venom)
rCold    . . .     Gourm    +   L - +0 large shield
rNeg     . . .     Faith    .   g - +1 plate armour
rPois    +         Spirit   .   (helmet unavailable)
rElec    .         Reflect  .   E - +0 cloak
rCorr    .         Harm     .   (no gloves)
MR       +....                  p - +0 pair of boots {run}
Stlth    ..........             u - amulet of the gourmand
HPRegen  0.26/turn              J - +3 ring of evasion
MPRegen  0.14/turn              o - ring of poison resistance

@: quick
A: permanent stasis, dig shafts and tunnels, four strong arms, antennae 3
a: Dig, Shaft Self, Minor Destruction, Lesser Servant of Makhleb, Major
Destruction, Renounce Religion


You were on level 3 of the Lair of Beasts.
You worshipped Makhleb.
Makhleb was greatly pleased with you.
You were full.

You visited 2 branches of the dungeon, and saw 13 of its levels.
You also visited: Ossuary.

You collected 636 gold pieces.

Inventory:

Hand Weapons
 a - a +1 war axe of venom (weapon)
 b - a +0 morningstar
 z - a +1 falchion of flaming
 H - a +1 eveningstar of crushing
Missiles
 M - 6 javelins of returning (quivered)
Armour
 c - a +0 shield
 g - a +1 plate armour (worn)
 i - the +1 pair of gloves of Untruth {*Corrode rN+ Dex+2}
   (You found it on level 3 of the Lair of Beasts)

   It affects your dexterity (+2).
   It protects you from negative energy.
   It may corrode you when you take damage.
 p - a +0 pair of boots of running (worn)
 E - a +0 cloak (worn)
 L - a +0 large shield (worn)
Jewellery
 o - a ring of poison resistance (right hand)
 r - an uncursed ring of resist corrosion
 u - an amulet of the gourmand (around neck)
 x - a +5 ring of strength
 J - a +3 ring of evasion (left hand)
Wands
 s - a wand of digging (13) {@v1}
Scrolls
 h - 3 scrolls of enchant armour
 j - 19 scrolls of identify {@r1}
 l - 5 scrolls of enchant weapon
 m - 8 scrolls of remove curse {@r2}
 q - a scroll of amnesia
 B - a scroll of fear
 F - a scroll of fog
 I - a scroll of magic mapping
 K - a scroll of immolation
Potions
 d - 3 potions of cancellation
 e - 4 potions of flight
 k - 2 potions of agility {@q5}
 n - 2 potions of curing {@q1}
 t - 3 potions of brilliance
 w - 2 potions of heal wounds {@q2}
 A - a potion of might {@q4}
Comestibles
 f - 34 rations {@e1}


   Skills:
 + Level 9.7 Fighting
 * Level 11.7 Axes
 + Level 12.7 Armour
 - Level 1.8 Dodging
 * Level 9.5 Shields
 - Level 3.0 Invocations


You had 11 spell levels left.
You didn't know any spells.
Your spell library was empty.

Dungeon Overview and Level Annotations

Branches:
Dungeon (10/15)            Temple (0/1) D:7            Lair (3/6) D:8
 Spider (0/4) Lair:2
  Swamp: Lair:2-4    Shoals: Lair:2-4       Orc: D:9-12

Altars:
Makhleb
Xom

Annotations:
D:2 Robin, Sigmund
D:6 epok's ghost, novice CeFi
D:8 Gastronok
Lair:3 Rupert


Innate Abilities, Weirdness & Mutations

You cannot be hasted, slowed, berserked, paralysed or teleported.
You can dig through walls and to a lower floor.
Your four strong arms can wield two-handed weapons with a shield.
You have a pair of large antennae on your head. (SInv)


Message History

You slash Rupert!
Rupert looks as sick as possible!
Rupert is almost dead.
You block Rupert's attack.
You hit Rupert but do no damage.
Rupert looks as sick as possible!
Rupert is almost dead.
You block Rupert's attack.
You slash Rupert!
Rupert looks as sick as possible!
Rupert is almost dead.
Rupert barely misses you.
Rupert hits you with a great sword of electrocution!!
You slash Rupert!
Rupert looks as sick as possible!
Rupert is almost dead.
Rupert hits you with a great sword of electrocution!
You are electrocuted!
Okay, then.
A demon appears!
Rupert hits you with a great sword of electrocution!!
* * * LOW HITPOINT WARNING * * *
You are electrocuted!
You die...

....#.## #.......................
..#...####.#.....................
..###.##.........................
..P#...##..............<........>
....########.................#...
.....## ##.................#....
....#.# #P......3...............
......####.....@.....<...........
................@................
.....P........................#..
.............................###.
..............................##.
.................................
.................................
...........................#...##
..................[............#P
............................[.P##


You could see Rupert (berserk) and a friendly smoke demon.

Vanquished Creatures
  2 hydras
  Fannar (Lair:3)
  A two-headed ogre (D:10)
  Urug (Lair:3)
  Nergalle (D:10)
  An unseen horror (D:10)
  Maurice (D:9)
  Joseph (D:8)
  3 spiny frogs
  3 komodo dragons
  Prince Ribbit (D:8)
  Grinder (D:6)
  2 hippogriffs (D:10)
  2 dream sheep (D:8)
  A wraith (Ossuary)
  21 yaks
  A wyvern (Lair:2)
  A basilisk (Lair:3)
  A hungry ghost (D:7)
  The ghost of NeAGen181 the Digger, an amateur GrEE (D:3)
  Edmund (D:5)
  4 water moccasins
  5 porcupines
  3 orc warriors
  A necrophage (D:7)
  4 wolves
  A black bear (D:8)
  2 sky beasts
  A centaur (D:3)
  3 ogres
  2 phantoms
  4 crocodiles
  3 big kobolds (D:8)
  Blork the orc (D:5)
  13 bullfrogs
  5 scorpions
  4 killer bees (D:9)
  A howler monkey (D:10)
  2 crimson imps
  5 jellies
  A bullfrog zombie (D:5)
  A centaur zombie (D:6)
  A quasit (D:10)
  5 hounds
  3 orc wizards
  A bullfrog skeleton (D:5)
  2 orc priests
  2 centaur skeletons
  Ijyb (D:3)
  5 iguanas
  8 worker ants
  A mummy (Ossuary)
  A worker ant zombie (D:8)
  7 adders
  2 howler monkey skeletons
  A shadow imp (D:6)
  4 oozes
  2 adder zombies
  An adder skeleton (D:9)
  2 worms
  2 dart slugs
  5 leopard geckos
  37 orcs
  2 ball pythons (D:1)
  9 bats
  8 giant cockroaches
  7 goblins
  7 hobgoblins (D:1)
  4 jackals
  9 kobolds
  2 quokkas
  8 frilled lizards
  7 gnoll skeletons (Ossuary)
  A jackal skeleton (D:4)
  7 kobold skeletons (Ossuary)
  2 leopard gecko zombies
  11 orc skeletons (Ossuary)
  A quokka skeleton (D:10)
  11 rats (D:1)
  A fungus (Lair:3)
304 creatures vanquished.

Vanquished Creatures (collateral kills)
  A crocodile (D:8)
1 creature vanquished.

Vanquished Creatures (others)
  46 fungi
  20 plants (D:8)
66 creatures vanquished.

Grand Total: 371 creatures vanquished

Notes
Turn   | Place    | Note
-------+----------+-------------------------------------------
     0 | D:1      | Kriby the Formicid Fighter began the quest for the Orb.
     0 | D:1      | Reached XP level 1. HP: 18/18 MP: 1/1
     1 | D:1      | Found a runed door.
     1 | D:1      | Noticed a jelly
    32 | D:1      | Reached XP level 2. HP: 14/24 MP: 2/2
   282 | D:1      | Reached XP level 3. HP: 23/29 MP: 3/3
  1008 | D:1      | Reached XP level 4. HP: 35/35 MP: 4/4
  1014 | D:1      | Reached skill level 4 in Armour
  1025 | D:1      | Reached skill level 1 in Dodging
  1086 | D:1      | Reached XP level 5. HP: 42/42 MP: 5/5
  1511 | D:2      | Noticed Robin
  1592 | D:2      | Found a burning altar of Makhleb.
  1615 | D:2      | Became a worshipper of Makhleb the Destroyer
  1925 | D:2      | Noticed Sigmund
  2011 | D:3      | Noticed NeAGen181's ghost (amateur GrEE)
  2023 | D:3      | Killed NeAGen181's ghost
  2023 | D:3      | Reached skill level 1 in Invocations
  2023 | D:3      | Reached XP level 6. HP: 21/48 MP: 6/6
  2201 | D:3      | Noticed Ijyb
  2216 | D:3      | Killed Ijyb
  2316 | D:3      | Reached skill level 5 in Armour
  2316 | D:3      | Reached XP level 7. HP: 22/54 MP: 6/8
  3251 | D:4      | Reached skill level 5 in Shields
  3251 | D:4      | Reached XP level 8. HP: 8/61 MP: 9/9
  3580 | D:4      | Reached * piety under Makhleb
  3868 | D:4      | Reached skill level 6 in Armour
  4064 | D:5      | Entered Level 5 of the Dungeon
  4065 | D:5      | Noticed Blork the orc
  4090 | D:5      | Killed Blork the orc
  4090 | D:5      | Reached skill level 5 in Axes
  4339 | D:5      | Identified a +0 pair of boots of running (You found it on level 5 of the Dungeon)
  4709 | D:6      | Reached skill level 5 in Fighting
  4777 | D:6      | Noticed Grinder
  5331 | D:6      | Noticed Edmund
  5380 | D:5      | Killed Edmund
  5380 | D:5      | Reached skill level 7 in Armour
  5380 | D:5      | Reached XP level 9. HP: 60/68 MP: 11/11
  5539 | D:6      | Noticed epok's ghost (novice CeFi)
  5837 | D:6      | Killed Grinder
  5973 | D:6      | Found a shimmering altar of Xom.
  5973 | D:6      | Found a shimmering altar of Xom.
  5973 | D:6      | Found a shimmering altar of Xom.
  5974 | D:6      | Found a shimmering altar of Xom.
  5974 | D:6      | Found a shimmering altar of Xom.
  6107 | D:6      | HP: 3/69 [orc warrior/quarterstaff (11)]
  6317 | D:7      | Found a sand-covered staircase.
  6326 | Ossuary  | Entered an ossuary
  6635 | Ossuary  | Reached ** piety under Makhleb
  6863 | D:7      | Reached skill level 8 in Armour
  7170 | D:7      | Found a staircase to the Ecumenical Temple.
  7284 | D:7      | Noticed a two-headed ogre
  7512 | D:8      | Noticed Prince Ribbit
  7651 | D:8      | Noticed Gastronok
  7758 | D:8      | Reached *** piety under Makhleb
  7940 | D:8      | Reached XP level 10. HP: 76/76 MP: 12/12
  8122 | D:8      | Noticed Joseph
  8494 | D:8      | Killed Prince Ribbit
  8494 | D:8      | Reached skill level 9 in Armour
  8557 | D:8      | Found a staircase to the Lair.
  8580 | D:8      | Killed Joseph
  9071 | D:8      | Noticed a two-headed hydra
  9103 | D:8      | Killed a two-headed hydra
  9150 | D:8      | Reached skill level 10 in Armour
  9533 | D:9      | Reached XP level 11. HP: 84/84 MP: 13/13
  9836 | D:9      | Noticed Maurice
  9868 | D:9      | Killed Maurice
 10346 | D:10     | Entered Level 10 of the Dungeon
 10738 | D:10     | Found a shimmering altar of Xom.
 10749 | D:10     | Noticed a two-headed ogre
 10764 | D:10     | Killed a two-headed ogre
 10804 | D:10     | Reached skill level 11 in Armour
 10819 | D:10     | Reached **** piety under Makhleb
 11023 | D:10     | Noticed Nergalle
 11051 | D:10     | Killed Nergalle
 11051 | D:10     | Reached skill level 10 in Axes
 11236 | D:10     | Noticed an unseen horror
 11249 | D:10     | Killed an unseen horror
 11522 | D:10     | Reached XP level 12. HP: 92/94 MP: 14/14
 11658 | Lair:1   | Entered Level 1 of the Lair of Beasts
 11965 | Lair:1   | Reached skill level 12 in Armour
 13293 | Lair:2   | Noticed an eight-headed hydra
 13314 | Lair:1   | Killed a one-headed hydra
 13854 | Lair:2   | Found a hole to the Spider Nest.
 14252 | Lair:3   | Noticed Rupert
 14252 | Lair:3   | Noticed Urug
 14376 | Lair:3   | Killed Urug
 14511 | Lair:3   | Noticed Fannar
 14534 | Lair:3   | Killed Fannar
 14695 | Lair:3   | Identified the +1 pair of gloves of Untruth {*Corrode rN+ Dex+2} (You found it on level 3 of the Lair of Beasts)
 15221 | Lair:3   | Slain by Rupert

Vault maps used:
D:1:      dpeg_arrival_caged_fury, minmay_box_of_dots
D:2:      bloody_makhleb, minivault_5, uniq_sigmund, uniq_robin
D:3:      first_ration, lemuel_flame_loot_1, uniq_ijyb
D:5:      minmay_misc_feat_room, uniq_blork_the_orc
D:6:      basic_altar, xom_redecorated, uniq_edmund, uniq_grinder
D:7:      lemuel_temple_firewalk_a, enter_ossuary_3
D:8:      due_lair_maze_entry_diamond, hangedman_ranch, uniq_gastronok,
          uniq_prince_ribbit1, uniq_joseph
D:9:      uniq_maurice
D:10:     special_room, basic_altar, hangedman_glass_teeth, kennysheep_dice,
          uniq_nergalle
Lair:1:   serial_bayou_crossing, lemuel_fruit_tree, lemuel_fruit_fields
Lair:2:   spider_nest_entry_web_field, grunt_megastairs_5
Lair:3:   minivault_11, serial_bayou_shore_b, uniq_rupert, uniq_urug,
          uniq_fannar
Ossuary:  ossuary_due_mausoleum

Skill      XL: |  1  2  3  4  5  6  7  8  9 10 11 12 |
---------------+-------------------------------------+-----
Armour         | 4 5 7 8 10 11 12 | 12.7
Axes           | 3 4 6 7 9 10 11 | 11.7
Dodging        | 1 |  1.8
Shields        | 4 5 7 8 9 |  9.5
Fighting       | 4 5 6 7 8 9 |  9.7
Invocations    | 1 2 3 |  3.0

Action                   |  1- 3 |  4- 6 |  7- 9 | 10-12 || total
-------------------------+-------+-------+-------+-------++-------
Melee: War axe           |   144 |   135 |   481 |   622 ||  1382
       Morningstar       |       |       |       |    15 ||    15
       Falchion          |       |       |       |     9 ||     9
Invok: Lesser Servant of |       |       |       |     3 ||     3
Evoke: Wand              |       |       |    24 |    19 ||    43
  Use: Potion            |       |     4 |     9 |     5 ||    18
       Scroll            |       |     2 |     7 |     6 ||    15
 Stab: Distracted        |       |       |       |     1 ||     1
  Eat: Chunk             |     1 |     4 |    13 |    35 ||    53
       Ration            |       |       |     2 |       ||     2
Armor: Scale mail        |    74 |    53 |    10 |       ||   137
       Plate armour      |       |       |   199 |   296 ||   495
       Skin              |       |       |     3 |       ||     3
Dodge: Dodged            |    54 |    61 |   106 |   190 ||   411
Block: Shield            |   100 |    77 |   242 |   363 ||   782
       Large shield      |       |       |       |    38 ||    38
       Rpst.: Falchion   |       |       |       |     1 ||     1

Table legend:
 A = Spawn XP
 B = Non-spawn XP
 C = Spawn XP percentage of total XP
 D = Spawn monster count
 E = Non-spawn monster count
 F = Spawn count percentage of total count
 G = Total turns spent on level
                    A         B        C        D         E        F      G
               +---------+---------+-------+---------+---------+-------+---------
         Total |       0 |   24181 |   0.0 |       0 |     304 |   0.0 | 15221
               +---------+---------+-------+---------+---------+-------+---------
           D:1 |       0 |     155 |   0.0 |       0 |      53 |   0.0 |  1610
           D:2 |       0 |      70 |   0.0 |       0 |      10 |   0.0 |   344
           D:3 |       0 |     506 |   0.0 |       0 |      16 |   0.0 |  1079
           D:4 |       0 |     478 |   0.0 |       0 |      23 |   0.0 |  1041
           D:5 |       0 |     492 |   0.0 |       0 |       9 |   0.0 |  1360
           D:6 |       0 |     662 |   0.0 |       0 |      18 |   0.0 |   793
           D:7 |       0 |     674 |   0.0 |       0 |      10 |   0.0 |  1116
           D:8 |       0 |    4452 |   0.0 |       0 |      37 |   0.0 |  1770
           D:9 |       0 |    2219 |   0.0 |       0 |      23 |   0.0 |  1148
          D:10 |       0 |    5929 |   0.0 |       0 |      45 |   0.0 |   955
        Lair:1 |       0 |    4418 |   0.0 |       0 |      20 |   0.0 |  1666
        Lair:2 |       0 |    1387 |   0.0 |       0 |       8 |   0.0 |   947
        Lair:3 |       0 |    2491 |   0.0 |       0 |       5 |   0.0 |   950
       Ossuary |       0 |     248 |   0.0 |       0 |      27 |   0.0 |   442
               +---------+---------+-------+---------+---------+-------+---------
